 Dungeon Crawl Stone Soup version 0.23-a0-375-g66a18ee (webtiles) character file.

135 RoseArtemis the Charmwright (level 4, 0/37 HPs)
             Began as a Demigod Skald on Oct 26, 2018.
             Slain by a worker ant (7 damage)
             ... on level 3 of the Dungeon.
             The game lasted 00:06:18 (2340 turns).

RoseArtemis the Charmwright (Demigod Skald)         Turns: 2340, Time: 00:06:18

Health: 0/37       AC:  5    Str: 14    XL:     4   Next: 66%
Magic:  9/9        EV: 13    Int: 19    God:
Gold:   99         SH:  0    Dex: 15    Spells: 3/6 levels left

rFire    . . .     SeeInvis .   a - +0 mace
rCold    . . .     Gourm    .   (no shield)
rNeg     . . .     Faith    .   n - +1 robe
rPois    .         Spirit   .   i - +1 helmet
rElec    .         Reflect  .   (no cloak)
rCorr    .         Harm     .   (no gloves)
MR       .....                  (no boots)
Stlth    +.........             (no amulet)
HPRegen  0.12/turn              (no ring)
MPRegen  0.11/turn              (no ring)

@: lethally poisoned (0 -> -2)
A: high mp 1
a: no special abilities


You were on level 3 of the Dungeon.
You were not hungry.

You visited 1 branch of the dungeon, and saw 3 of its levels.

You collected 99 gold pieces.

Inventory:

Hand Weapons
 a - a +0 mace (weapon)
Missiles
 b - a throwing net (quivered)
Armour
 i - a +1 helmet (worn)
 n - a +1 robe (worn)
Scrolls
 h - a scroll of blinking {unknown}
 k - a scroll of remove curse
Potions
 f - a potion of mutation
 g - a potion of magic
 j - a potion of invisibility
 m - a potion of curing {unknown}
Comestibles
 c - 2 chunks of flesh
 d - 3 rations


   Skills:
 + Level 2.4 Fighting
 * Level 3.0 Maces & Flails
 + Level 1.9 Armour
 + Level 2.5 Dodging
 - Level 1.7 Spellcasting
 + Level 3.2 Charms


You had 3 spell levels left.
You knew the following spells:

 Your Spells              Type           Power        Failure   Level  Hunger
a - Infusion              Chrm           ##..         4%          1    #......
b - Song of Slaying       Chrm           ##......     7%          2    ###....

Your spell library contained the following spells:

 Spells                   Type           Power        Failure   Level  Hunger
 Shroud of Golubria       Chrm/Tloc      #.........   14%         2    ###....
 Regeneration             Chrm/Necr      #.........   26%         3    ###....
 Spectral Weapon          Hex/Chrm       #.......     26%         3    ###....


Dungeon Overview and Level Annotations

Branches:
Dungeon (3/15)


Innate Abilities, Weirdness & Mutations

You have an increased reservoir of magic. (+10% MP)


Message History

* * * LOW HITPOINT WARNING * * *
You hit Natasha but do no damage.
Natasha howls an incantation.
Natasha glows brightly for a moment.
Natasha claws you.
* * * LOW HITPOINT WARNING * * *
You hit Natasha.
You feel sick. The worker ant misses you. Natasha closely misses you.
You sock Natasha!
You kill Natasha!
Natasha screams in fury as she dies!
Your Maces & Flails skill increases to level 3!
The worker ant waves its antennae.
The worker ant barely misses you.
The worker ant bites you but does no damage.
You hit the worker ant but do no damage.
You feel sick. The worker ant misses you.
You thump the worker ant! The worker ant closely misses you.
The worker ant bites you!
You die...

### #.. #.#.#.# #.# ##.#.#.#
#.# .#.#.#.# . #.#
###.##.#.#.# ..### #.#
#.#.#......# .....# #.#
#...#......#
......######.####.###......#
........).a@(.<(.........[..
####..(####.#.รท...#.#.###.#
#.......................
#.........#......#......
#..............#.#......
#...#.########...#.##.....
........ .....#..+.....
####.... ###.######.....
###.. ... .....


You could see a worker ant.

Vanquished Creatures
  Natasha (twice) (D:3)
  2 adders (D:2)
  2 oozes
  2 worms (D:2)
  2 dart slugs
  A leopard gecko (D:2)
  A ball python (D:1)
  3 bats
  4 giant cockroaches
  8 hobgoblins
  3 jackals (D:2)
  2 frilled lizards
  7 goblins
  6 kobolds
  4 rats
49 creatures vanquished.

Notes
Turn   | Place    | Note
-------+----------+-------------------------------------------
     0 | D:1      | RoseArtemis the Demigod Skald began the quest for the Orb.
     0 | D:1      | Reached XP level 1. HP: 17/17 MP: 5/5
    39 | D:1      | Reached skill level 1 in Armour
   168 | D:1      | Reached XP level 2. HP: 13/24 MP: 0/7
   439 | D:1      | Learned a level 2 spell: Song of Slaying
   981 | D:1      | Reached XP level 3. HP: 29/29 MP: 8/8
  2188 | D:3      | Noticed Natasha
  2191 | D:3      | Reached XP level 4. HP: 36/36 MP: 5/9
  2193 | D:3      | Killed Natasha
  2329 | D:3      | Noticed Natasha
  2338 | D:3      | Killed Natasha
  2340 | D:3      | Slain by a worker ant

Vault maps used:
D:1:      psy_arrival_heroes
D:2:      first_ration, chequers_decorated_corner
D:3:      uniq_grinder, uniq_natasha

Skill      XL: |  1  2  3  4 |
---------------+-------------+-----
Armour         | 1 |  1.9
Maces & Flails | 2 3 |  3.0
Fighting       | 2 |  2.4
Dodging        | 2 |  2.5
Charms         | 3 |  3.2
Spellcasting   | |  1.7

Action                   |  1- 3 |  4- 6 || total
-------------------------+-------+-------++-------
Melee: Mace              |   152 |    15 ||   167
 Cast: Infusion          |     6 |       ||     6
       Song of Slaying   |     2 |       ||     2
  Use: Scroll            |       |     6 ||     6
  Eat: Chunk             |     4 |     1 ||     5
Armor: Leather armour    |    14 |       ||    14
       Chain mail        |    41 |       ||    41
       Ring mail         |    15 |       ||    15
       Robe              |       |     2 ||     2
Dodge: Dodged            |   109 |    15 ||   124

Table legend:
 A = Non-vault XP
 B = Vault XP
 C = Vault XP percentage of total XP
 D = Non-vault monster count
 E = Vault monster count
 F = Vault count percentage of total count
                 A         B        C        D         E       F
            +---------+---------+-------+---------+---------+-------
      Total |     159 |      35 |  18.0 |      48 |       1 |   2.0
            +---------+---------+-------+---------+---------+-------
        D:1 |      50 |       0 |   0.0 |      26 |       0 |   0.0
        D:2 |      62 |       0 |   0.0 |      17 |       0 |   0.0
        D:3 |      47 |      35 |  42.7 |       5 |       1 |  16.7
            +---------+---------+-------+---------+---------+-------
